 Dungeon Crawl Stone Soup version 0.19-a0-1886-gd64a0f0 (webtiles) character file.

192 Amnesiac the Insei (level 5, 0/42 HPs)
             Began as a Demonspawn Monk on Oct 16, 2016.
             Was an Initiate of Gozag.
             Slain by a phantom (7 damage)
             ... on level 4 of the Dungeon.
             The game lasted 00:06:03 (2896 turns).

Amnesiac the Insei (Demonspawn Monk)                Turns: 2896, Time: 00:06:03

Health: 0/42       AC:  5    Str: 12    XL:     5   Next: 42%
Magic:  5/5        EV: 13    Int: 11    God:    Gozag
Gold:   478        SH:  0    Dex: 16    Spells: 0 memorised, 4 levels left

rFire  . . .     SeeInvis .       - Unarmed
rCold  . . .     Gourm    .     a - +0 robe
rNeg   . . .     Faith    .     (no shield)
rPois  .         Spirit   .     (no helmet)
rElec  .         Dismiss  .     d - +0 cloak
rCorr  .         Reflect  .     (no gloves)
MR     .....     Harm     .     (no boots)
Stlth  ++........               (no amulet)
                                (no ring)
                                (no ring)

@: no status effects
A: talons 1, molten scales 1
a: Potion Petition, Call Merchant, Bribe Branch, Renounce Religion


You were on level 4 of the Dungeon.
You worshipped Gozag.
Gozag was aware of your devotion.
You were very full.

You visited 1 branch of the dungeon, and saw 4 of its levels.

You collected 478 gold pieces.

Inventory:

Armour
 a - a +0 robe (worn)
 d - a +0 cloak (worn)
Jewellery
 c - a cursed amulet of regeneration {unknown}
 f - an uncursed ring of see invisible {unknown}
Scrolls
 e - 2 scrolls of fog
 g - a scroll of recharging
 k - a scroll of magic mapping
Comestibles
 b - 3 bread rations


   Skills:
 + Level 4.2 Fighting
 - Level 2.6 Dodging
 - Level 1.7 Stealth
 * Level 4.9 Unarmed Combat


You had 4 spell levels left.
You didn't know any spells.

Dungeon Overview and Level Annotations

Branches:
Dungeon (4/15)
 Temple: D:4-7

Altars:
Fedhas
Gozag

Annotations:
D:2 Terence
D:4 azzavlup's ghost, amateur MiGl


Innate Abilities, Weirdness & Mutations

You have sharp toenails.
You are partially covered in molten scales. (AC +2)


Message History

The phantom closely misses you.
You closely miss the phantom.
The phantom is severely damaged.
The phantom blinks!
You closely miss the phantom. Your kick misses the phantom.
The phantom is severely damaged.
The phantom barely misses you.
You hit the phantom.
The phantom is almost destroyed.
The phantom hits you.
* * * LOW HITPOINT WARNING * * *
You hit the phantom but do no damage. You claw the phantom.
The phantom is almost destroyed.
The phantom blinks!
You hit the phantom but do no damage. Your kick misses the phantom.
You punch the phantom.
The phantom is almost destroyed.
The phantom hits you!
You die...
Your body crumbles into a pile of gold.

### ################.######
...............ยง@W....#****
.#############..........,,*
.# ##...###.##*,** .# ##.##
*,**,*,****** .####
***.#.#**,*,***,,,<,, ....#
*****,,#*#..,,,,,*,,,****
###.#
*,,,*,*,*,###,,,,,,,,,,,*
*,# ***,,,*,**,**
*******,,,,,, *,*
*,,,,,,,**,* *,,**,*


You could see a phantom.

Vanquished Creatures
  The ghost of Enish the Slasher, a weakling TeAK of Lugonu (D:3)
  A bullfrog skeleton (D:4)
  A worker ant (D:4)
  3 gnolls (D:3)
  An adder (D:3)
  2 worms
  2 leopard geckos
  7 bats
  5 giant cockroaches
  8 goblins
  7 hobgoblins
  2 jackals (D:3)
  3 quokkas
  4 frilled lizards
  2 kobolds
  A quokka skeleton (D:4)
  9 rats
59 creatures vanquished.

Notes
Turn   | Place    | Note
-------+----------+-------------------------------------------
     0 | D:1      | Amnesiac the Demonspawn Monk began the quest for the Orb.
     0 | D:1      | Reached XP level 1. HP: 18/18 MP: 1/1
   411 | D:1      | Gained mutation: You are partially covered in molten scales. (AC +2) [demonic ancestry]
   411 | D:1      | Reached XP level 2. HP: 23/24 MP: 2/2
   479 | D:2      | Found an opulent altar of Gozag.
   536 | D:2      | Became a worshipper of Gozag Ym Sagoz the Greedy
   610 | D:1      | You fall through a shaft!
   926 | D:1      | Reached XP level 3. HP: 29/29 MP: 3/3
  1142 | D:2      | Noticed Terence
  1161 | D:2      | HP: 1/29 [Terence/falchion of holy wrath (7)]
  1667 | D:2      | Found a blossoming altar of Fedhas.
  2032 | D:3      | Gained mutation: You have sharp toenails. [demonic ancestry]
  2032 | D:3      | Reached XP level 4. HP: 20/36 MP: 4/4
  2123 | D:3      | Noticed Enish's ghost (weakling TeAK)
  2141 | D:3      | Killed Enish's ghost
  2574 | D:4      | Reached XP level 5. HP: 33/42 MP: 5/5
  2672 | D:4      | Noticed azzavlup's ghost (amateur MiGl)
  2806 | D:4      | Noticed a phantom
  2896 | D:4      | Slain by a phantom

Vault maps used:
D:1:      matt_arrival_diagonals, bh_walls_and_bars
D:2:      nicolae_gozag_cash_rules_everything_around_me, fedhas_altar_1,
          uniq_terence
D:3:      kennysheep_generic_room_10
D:4:      serial_shops, shop, first_bread

Skill      XL: |  1  2  3  4 |
---------------+-------------+-----
Unarmed Combat | 3 4 |  4.9
Fighting       | 4 |  4.2
Dodging        | |  2.6
Stealth        | |  1.7

Action                   |  1- 3 |  4- 6 || total
-------------------------+-------+-------++-------
Melee: Unarmed           |   202 |   121 ||   323
       Punch             |     3 |     3 ||     6
       Kick              |       |    33 ||    33
  Use: Scroll            |     6 |     4 ||    10
       Potion            |       |     2 ||     2
 Stab: Sleeping          |     6 |     2 ||     8
       Distracted        |     1 |       ||     1
  Eat: Bread ration      |     1 |       ||     1
       Meat ration       |       |     2 ||     2
Armor: Robe              |    48 |    22 ||    70
Dodge: Dodged            |   118 |    62 ||   180
